 Dungeon Crawl Stone Soup version 0.30-a0-743-gbfdf073431 (webtiles) character file.

Game seed: 16842359637929044818

66 Rrauwl the Firebug (level 4, -3/33 HPs)
             Began as a Hill Orc Fire Elementalist on Feb 5, 2023.
             Killed by nerve-wracking pain
             ... invoked by an orc priest
              (11 damage)
             ... on level 3 of the Dungeon.
             The game lasted 00:08:35 (2107 turns).

Rrauwl the Firebug (Hill Orc Fire Elementalist)     Turns: 2107, Time: 00:08:36

Health: -3/33      AC:  5    Str: 12    XL:     4   Next: 15%
Magic:  7/7        EV: 10    Int: 15    God:
Gold:   171        SH:  0    Dex: 11    Spells: 6/7 levels left

rFire   . . .      SeeInvis .    a - +0 hand axe
rCold   . . .      Faith    .    d - +0 buckler
rNeg    . . .      Spirit   .    f - +0 ring mail
rPois   .          Reflect  .    (no helmet)
rElec   .          Harm     .    (no cloak)
rCorr   .          Rampage  .    (no gloves)
Will    .....                    (no boots) Stlth
                                 (no amulet)
HPRegen 0.25/turn                (no ring)
MPRegen 0.10/turn                (no ring)

@: confused
A: no striking features
a: Convert to Beogh


You were on level 3 of the Dungeon.
You visited 1 branch of the dungeon, and saw 3 of its levels.

You collected 171 gold pieces.

Inventory:

Hand Weapons
 a - a +0 hand axe (weapon)
 c - a +2 dagger of holy wrath
Armour
 d - a +0 buckler (worn)
 f - a +0 ring mail (worn)
Scrolls
 g - a scroll of poison
 i - a scroll of blinking
Potions
 b - a potion of magic
 h - a potion of brilliance
 j - a potion of haste {unknown}


   Skills:
 - Level 2.0 Dodging
 - Level 2.0 Stealth
 + Level 2.9 Shields
 - Level 2.0 Spellcasting
 - Level 1.0 Conjurations
 - Level 3.2 Fire Magic


You had 6 spell levels left.
You knew the following spells:

 Your Spells              Type           Power      Damage    Failure   Level
a - Foxfire               Conj/Fire      28%        2x1d5     28%         1

Your spell library contained the following spells:

 Spells                   Type           Power      Damage    Failure   Level
 Scorch                   Fire           22%        2d6       26%         2
 Slow                     Hex            4%         N/A       56%         1
 Lesser Beckoning         Tloc           2%         N/A       71%         2
 Inner Flame              Hex/Fire       6%         N/A       71%         3
 Kindle Blastsparks       Fire/Tloc/Air  8%         2d10      78%         3
 Confusing Touch          Hex            1%         N/A       90%         3
 Gell's Gravitas          Tloc           1%         N/A       90%         3
 Teleport Other           Tloc           1%         N/A       90%         3
 Vampiric Draining        Necr           1%         2d6       90%         3
 Flame Wave               Conj/Fire      7%         2d5       96%         4
 Malign Gateway           Summ/Tloc      0%         N/A       100%        7
 Summon Horrible Things   Summ           0%         N/A       100%        8


Dungeon Overview and Level Annotations

Branches:
Dungeon (3/15)

Altars:


Message History

You are more confused.
The orc priest hits you with a +0 whip.
* * * LOW HITPOINT WARNING * * *
The orc priest shouts, "Join the one true god or die!"
You feel much better. The orc priest barely misses you. Something hits you.
You bump into the rock wall.
The orc priest closely misses you. Something hits you but does no damage.
You bump into the rock wall.
The orc priest looks encouraged for a moment.
You hear some strange, mumbled words.
A magic dart appears from out of thin air!
The magic dart hits you!
You closely miss the orc priest.
The orc priest threatens, "By the altar or by the axe, you will meet Beogh!"
You closely miss something. The orc priest hits you with a +0 whip.
You hear some strange, mumbled words.
You are more confused.
You completely miss something. You barely miss the orc priest.
The orc priest hits you with a +0 whip. Something hits you.
You bump into the rock wall.
The orc priest shouts, "Join the one true god or die!"
The orc priest hits you with a +0 whip. Something hits you.
You bump into the rock wall.
The orc priest shouts, "Join the one true god or die!"
The orc priest hits you with a +0 whip. Something hits you.
You hit the orc priest.
The orc priest is heavily wounded.
You miss something.
The orc priest hits you but does no damage.
Something hits you. Something hits you but does no damage.
The orc priest hits you but does no damage.
You hit the orc priest.
The orc priest is severely wounded.
You miss something. The orc priest hits you with a +0 whip.
* * * LOW HITPOINT WARNING * * *
Something hits you but does no damage.
You bump into the rock wall.
The orc priest calls down the wrath of Beogh upon you.
Pain shoots through your body!
You die...

*,,,,,,,,,* *,,,,,,,,,*
*.........* ****** #########
*.........* ,,,,,* #......?#
##.......## ,,,,,* #...!...#
#.........# ,,,,,* #.......##
#.........# ,,,,,* ******#{o#
#.........#** ,,,,,** ##@#
#..........,, ,,,,,,##*
#.####..)......#*, *,***,,.#**
#.....#........#*, ,,* ***,..*
#####.##)....#.#*, ,** **#.*
#...######.#*# ** #.###
###.######.##. ****#####...######
#...........
,,,,.....[[......#####...#####.##
******#####.####.^.....#.## #.#


You could see an orc priest.

Vanquished Creatures
  5 dart slugs
  2 orcs (D:3)
  3 endoplasms
  A giant cockroach (D:2)
  4 hobgoblins (D:2)
  7 jackals
  5 quokkas
  2 ball pythons
  2 frilled lizards
  5 goblins
  7 kobolds
  6 rats
49 creatures vanquished.

Vanquished Creatures (others)
  71 foxfires
71 creatures vanquished.

Grand Total: 120 creatures vanquished

Notes
Turn   | Place    | Note
-------+----------+-------------------------------------------
     0 | D:1      | Rrauwl the Hill Orc Fire Elementalist began the quest for
                  | the Orb.
     0 | D:1      | Reached XP level 1. HP: 14/14 MP: 3/3
   276 | D:1      | Reached XP level 2. HP: 20/20 MP: 2/4
  1000 | D:2      | Reached skill level 1 in Shields
  1000 | D:2      | Reached XP level 3. HP: 18/26 MP: 0/6
  2059 | D:3      | Reached XP level 4. HP: 30/33 MP: 7/7
  2107 | D:3      | Killed from afar by an orc priest

Illustrated notes

Levels and vault maps discovered:
D:1:      elethiomel_arrival_infinity_welcomes_careful_drivers, layout_basic
D:2:      layout_basic
D:3:      layout_rooms, shapermc_ecumenical_altar_mp_vishouse

Skill      XL: |  1  2  3 |
---------------+----------+-----
Stealth        | 2 |  2.0
Dodging        | 2 |  2.0
Shields        | 1 2 |  2.9
Spellcasting   | 2 |  2.0
Conjurations   | |  1.0
Fire Magic     | |  3.2

Action                     |  1- 3 |  4- 6 || total
---------------------------+-------+-------++-------
  Melee: Unarmed           |     3 |       ||     3
         Dagger            |    55 |       ||    55
         Hand axe          |    10 |    29 ||    39
   Cast: Foxfire           |    40 |     2 ||    42
    Use: Scroll            |     6 |       ||     6
         Potion            |     1 |     1 ||     2
   Stab: Sleeping          |     1 |       ||     1
 Armour: Robe              |     4 |       ||     4
         Ring mail         |    21 |    16 ||    37
  Dodge: Dodged            |    44 |    13 ||    57
  Block: Buckler           |    11 |     7 ||    18

Table legend: (Time is in decaauts)
 A = Elapsed time spent in this place.
 B = Non-inter-level travel time spent in this place.
 C = Inter-level travel time spent in this place.
 D = Time resting spent in this place.
 E = Time spent auto-exploring this place.
 F = Levels seen in this place.
 G = Mean time per level.
                   A        B        C        D        E       F      G
               +--------+--------+--------+--------+--------+-----+--------+
         Total |   2121 |   2102 |     19 |    100 |   1629 |   3 |  707.0 |
       Dungeon |   2121 |   2102 |     19 |    100 |   1629 |   3 |  707.0 |
               +--------+--------+--------+--------+--------+-----+--------+

Top non-repeatable levels by time:
     D:1: 986 daAuts
     D:2: 752 daAuts
     D:3: 382 daAuts
